AoeStats
← surfer

Black Forest

510195220Analyzed
3v3 RM · 4d ago on Sep 29, 2026· 49m 37s· 6 players
Game mode
Random Map
Map size
Normal (6 player)
Population
200
Speed
Normal
Resources
Standard
Victory
Conquest
Starting age
Dark Age
Ending age
Imperial Age
RankedLock teamsTeams togetherTeam positionsShared explorationLock speedFull tech treeHidden civsTurbo modeCheats
Victory
Defeat
🇬🇧 Persians · United Kingdom
986
+12
🇨🇦 Britons · Canada
984
+12
🇨🇦 Bohemians · Canada
818
+37
🇹🇷 Mongols · Türkiye
924
-16
🇹🇷 Huns · Türkiye
898
-15
🇹🇷 Britons · Türkiye
853
-13
bıyık
11:31 Feudal Age
9:54 Loom
16:12 Castle Age
16:22 Fletching
17:48 Bodkin Arrow
22:58 Pikeman
23:40 Elite Skirmisher
30:49 Horse Collar
34:27 Imperial Age
36:58 Chemistry
36:07 Squires
35:52 Arson
36:51 Bracer
36:52 Padded Archer Armor
38:37 Leather Archer Armor
surfer
11:34 Feudal Age
11:44 Loom
13:57 Wheelbarrow
13:10 Horse Collar
13:22 Double-Bit Axe
17:43 Gold Mining
17:44 Stone Mining
20:10 Castle Age
21:40 Hand Cart
21:18 Fletching
21:29 Padded Archer Armor
22:53 Bow Saw
22:46 Heavy Plow
23:00 Squires
24:03 Bodkin Arrow
26:24 Pikeman
28:45 Gold Shaft Mining
32:53 Imperial Age
31:41 Leather Archer Armor
33:41 Halberdier
35:10 Ballistics
35:07 Elite Longbowman
37:33 Yeomen
FETALDNATESTİ
14:49 Feudal Age
16:05 Loom
17:28 Double-Bit Axe
17:24 Horse Collar
19:01 Wheelbarrow
18:05 Man-at-Arms
21:53 Castle Age
20:37 Gold Mining
21:32 Fletching
22:23 Padded Archer Armor
23:37 Scale Mail Armor
25:31 Elite Skirmisher
25:41 Pikeman
26:35 Bow Saw
26:27 Heavy Plow
26:24 Bodkin Arrow
26:45 Chain Mail Armor
27:08 Long Swordsman
27:37 Elite Skirmisher
30:51 Hand Cart
32:05 Leather Archer Armor
33:28 Gold Shaft Mining
33:25 Forging
33:23 Scale Barding Armor
40:02 Imperial Age
39:24 Chain Barding Armor
39:39 Iron Casting
39:11 Stone Mining
40:24 Halberdier
41:12 Bracer
41:48 Plate Barding Armor
43:01 Chemistry
41:27 Cavalier
42:08 Husbandry
45:44 Paladin
OLDSCHOOL
10:34 Feudal Age
14:57 Castle Age
12:54 Double-Bit Axe
13:09 Horse Collar
17:00 Bow Saw
17:51 Heavy Plow
24:42 Scale Barding Armor
25:36 Wheelbarrow
25:16 Forging
26:05 Chain Barding Armor
25:32 Loom
26:24 Bloodlines
27:29 Hand Cart
27:53 Husbandry
28:31 Iron Casting
33:04 Imperial Age
32:47 Cavalier
34:28 Plate Barding Armor
34:54 Blast Furnace
34:49 Conscription
34:18 Savar
35:23 Devotion
35:53 Caravan
37:02 Two-Man Saw
36:35 Crop Rotation
36:01 Gold Mining
36:03 Stone Mining
36:09 Stone Mining
38:35 Gold Shaft Mining
44:01 Masonry
Fowul
13:26 Feudal Age
21:42 Castle Age
19:46 Horse Collar
23:12 Double-Bit Axe
27:40 Wagenburg Tactics
38:55 Imperial Age
50:51 Chemistry
Actions
1:06 Loom
12:02 Feudal Age
19:02 Castle Age
17:22 Double-Bit Axe
17:37 Horse Collar
21:11 Bow Saw
21:05 Heavy Plow
21:13 Pikeman
25:05 Padded Archer Armor
24:56 Fletching
28:27 Wheelbarrow
31:08 Wheelbarrow
31:17 Bodkin Arrow
31:36 Town Watch
33:24 Hand Cart
38:10 Imperial Age
37:11 Town Patrol
37:37 Leather Archer Armor
38:07 Squires
38:43 Yeomen
39:17 Bracer
41:22 Chemistry
40:42 Ballistics
40:55 Elite Longbowman
42:13 Capped Ram
44:57 Ring Archer Armor
48:07 Halberdier
Connection lost

Rejoining the realm…

Still unreachable

The connection could not be restored.

Session expired

The server has moved on; the page needs a fresh start.